 Dungeon Crawl Stone Soup version 0.21.1-1-g345015fe64 (webtiles) character file.

4083 Holzbalken the Spear-Bearer (level 10, -4/73 HPs)
             Began as a Merfolk Monk on July 16, 2018.
             Was a Priest of Qazlal.
             Killed from afar by an electric eel (8 damage)
             ... with a bolt of electricity
             ... on level 9 of the Dungeon.
             The game lasted 00:42:25 (8825 turns).

Holzbalken the Spear-Bearer (Merfolk Monk)          Turns: 8825, Time: 00:42:25

Health: -4/73      AC:  8    Str: 13    XL:     10   Next: 25%
Magic:  13/13      EV: 21    Int: 10    God:    Qazlal [***...]
Gold:   372        SH: 14    Dex: 23    Spells: 9/9 levels left

rFire    . . .     SeeInvis .   L - +1 trident (venom)
rCold    + . .     Gourm    .   J - +0 shield
rNeg     . . .     Faith    .   t - +3 leather armour {rC+}
rPois    +         Spirit   .   y - +1 helmet
rElec    .         Reflect  .   (no cloak)
rCorr    .         Harm     .   (no gloves)
MR       .....                  (no boots)
Stlth    ++........             D - amulet of regeneration
HPRegen  0.62/turn              z - +5 ring of dexterity
MPRegen  0.13/turn              w - ring of poison resistance

@: no status effects
A: change form in water, swift swim, stealthy swim
a: Upheaval, Elemental Force, Renounce Religion


You were on level 9 of the Dungeon.
You worshipped Qazlal.
Qazlal was most pleased with you.
You were not hungry.

You visited 2 branches of the dungeon, and saw 10 of its levels.

You collected 372 gold pieces.

Inventory:

Hand Weapons
 a - a +1 spear
 G - a +0 trident
 L - a +1 trident of venom (weapon)
Armour
 b - a +0 robe
 d - a +0 ring mail
 t - a +3 leather armour of cold resistance (worn)
 y - a +1 helmet (worn)
 J - a +0 shield (worn)
Jewellery
 h - an uncursed ring of flight
 w - a ring of poison resistance (right hand)
 z - a +5 ring of dexterity (left hand)
 B - an uncursed ring of ice
 D - an amulet of regeneration (around neck)
Wands
 s - a wand of paralysis (19)
 u - a wand of polymorph (10)
 F - a wand of iceblast (18)
 K - a wand of clouds (4)
Scrolls
 i - a scroll of enchant armour
 j - 2 scrolls of teleportation
 l - 6 scrolls of remove curse
 q - a scroll of immolation
 v - a scroll of amnesia
 E - a scroll of identify
 I - 3 scrolls of fear {unknown}
Potions
 e - 2 potions of haste {unknown}
 f - 4 potions of flight {unknown}
 g - 2 potions of might {unknown}
 k - 2 potions of curing {unknown}
 m - a potion of brilliance {unknown}
 n - 4 potions of lignification
 o - a potion of magic {unknown}
 p - 2 potions of ambrosia {unknown}
 r - a potion of mutation {unknown}
 x - 2 potions of cancellation {unknown}
 A - 3 potions of agility {unknown}
Books
 C - a book of Callings

   Spells                             Type                      Level
   a - Summon Small Mammal            Summoning                    1
   b - Call Imp                       Summoning                    2
   c - Call Canine Familiar           Summoning                    3
   d - Summon Guardian Golem          Hexes/Summoning              3
   e - Summon Lightning Spire         Summoning/Air                4
   f - Summon Ice Beast               Ice/Summoning                4
 H - a book of Power

   Spells                             Type                      Level
   a - Iskenderun's Battlesphere      Conjuration/Charms           5
   b - Venom Bolt                     Conjuration/Poison           5
   c - Bolt of Magma                  Conjuration/Fire/Earth       5
   d - Iron Shot                      Conjuration/Earth            6
   e - Orb of Destruction             Conjuration                  7
   f - Spellforged Servitor           Conjuration/Summoning        7
Comestibles
 c - 13 rations
 M - 7 chunks of flesh


   Skills:
 + Level 4.4 Fighting
 * Level 13.3 Polearms
 + Level 12.6 Dodging
 - Level 2.1 Stealth
 * Level 3.0 Shields
 * Level 4.1 Invocations


You had 9 spell levels left.
You didn't know any spells.

Dungeon Overview and Level Annotations

Branches:
Dungeon (9/15)             Temple (1/1) D:5
   Lair: D:8-11         Orc: D:9-12

Altars:
Ashenzari
Cheibriados
Elyvilon
Fedhas
Gozag
Hepliaklqana
Kikubaaqudgha
Makhleb
Nemelex Xobeh
Qazlal
Ru
Sif Muna
Trog
Uskayaw
Vehumet
Wu Jian
Xom
Yredelemnul
Zin
The Shining One


Message History

You hit the plant but do no damage.
Something hits the plant.
You hear a distant blaring wail to the northeast.
Something hits the plant.
You hear a bark! x2
The phantom blinks!
The electric eel shoots out a bolt of lightning at you!
The bolt of electricity hits the plant.
The bolt of electricity hits you!
* * * LOW HITPOINT WARNING * * *
The phantom blinks!
The electric eel shoots out a bolt of lightning at you!
The bolt of electricity hits you!
* * * LOW HITPOINT WARNING * * *
The electric eel shoots out a bolt of lightning at you!
The bolt of electricity hits you!
* * * LOW HITPOINT WARNING * * *
Okay, then.
The phantom blinks!
The electric eel shoots out a bolt of lightning at you!
The bolt of electricity hits you!
You die...

♣≈P≈≈≈≈≈≈≈≈≈♣≈# ♣♣≈♣≈≈;≈≈≈§≈≈≈♣
♣P≈≈W≈≈≈≈≈≈≈≈≈♣ #.
♣≈≈≈≈≈≈≈≈♣≈≈P♣ #.# #♣♣≈≈≈≈P≈≈≈≈♣
#######.### ###≈≈≈♣P≈≈≈≈≈≈♣♣
.......[..# #..≈§≈≈P≈≈≈P≈PP♣§.
##PP......######...♣≈≈≈≈≈≈≈≈≈§P#
#.≈≈......##...'@..♣♣P≈≈≈♣≈≈≈♣##
..≈♣......#..###...≈♣≈♣PP≈≈♣♣♣
.≈≈≈≈.......## ####'#≈♣≈≈P≈≈P#
##........### #..#≈≈≈≈♣###
########## ##...♣♣♣# #.### #..
#.#. ..#.


You could see a phantom and an electric eel.

Vanquished Creatures
  The ghost of Tali the Chopper, a novice MiFi (D:6)
  A troll (D:9)
  A hippogriff (D:8)
  A wraith (D:9)
  2 black bears (D:7)
  2 ice beasts
  3 orc warriors
  2 sky beasts
  2 phantoms
  4 ogres
  2 centaurs
  A big kobold (D:9)
  4 bullfrogs
  2 scorpions
  3 electric eels (D:9)
  A howler monkey (D:4)
  2 crimson imps
  A quasit (D:7)
  A bullfrog skeleton (D:6)
  2 orc priests
  2 centaur skeletons (D:4)
  A gnoll shaman (D:7)
  6 hounds
  4 orc wizards
  Ijyb (D:3)
  Jessica (D:2)
  Terence (D:2)
  4 iguanas
  6 worker ants
  A hound skeleton (D:8)
  A howler monkey skeleton (D:7)
  A worker ant zombie (D:8)
  8 gnolls (D:7)
  6 adders
  A shadow imp (D:5)
  An ooze (D:4)
  3 worms
  2 dart slugs
  4 leopard geckos
  25 orcs
  17 bats
  2 giant cockroaches
  5 goblins
  7 hobgoblins
  12 kobolds
  5 quokkas
  A ball python (D:1)
  2 frilled lizards
  A goblin zombie (D:7)
  8 hobgoblin zombies (D:7)
  A kobold skeleton (D:7)
  A kobold zombie (D:7)
  An orc skeleton (D:7)
  An orc zombie (D:7)
  A quokka skeleton (D:8)
  6 rats
188 creatures vanquished.

Vanquished Creatures (others)
  A plant (D:9)
1 creature vanquished.

Grand Total: 189 creatures vanquished

Notes
Turn   | Place    | Note
-------+----------+-------------------------------------------
     0 | D:1      | Holzbalken the Merfolk Monk began the quest for the Orb.
     0 | D:1      | Reached XP level 1. HP: 18/18 MP: 1/1
   279 | D:1      | Reached skill level 5 in Polearms
   279 | D:1      | Reached XP level 2. HP: 21/24 MP: 2/2
   692 | D:1      | Reached XP level 3. HP: 29/29 MP: 3/3
  1111 | D:2      | Noticed Terence
  1147 | D:2      | Killed Terence
  1147 | D:2      | Reached skill level 6 in Polearms
  1147 | D:2      | Reached XP level 4. HP: 32/35 MP: 4/4
  1202 | D:2      | Found a faded altar of an unknown god.
  1296 | D:2      | Noticed Jessica
  1307 | D:2      | Killed Jessica
  1307 | D:2      | Reached skill level 5 in Dodging
  1538 | D:2      | Reached skill level 7 in Polearms
  1723 | D:3      | Reached XP level 5. HP: 23/41 MP: 5/5
  2021 | D:3      | Noticed Ijyb
  2027 | D:3      | Paralysed by Ijyb for 4 turns
  2040 | D:3      | Paralysed by Ijyb for 2 turns
  2064 | D:3      | Paralysed by Ijyb for 6 turns
  2074 | D:3      | Killed Ijyb
  3036 | D:4      | Reached skill level 8 in Polearms
  3069 | D:4      | Reached XP level 6. HP: 46/47 MP: 6/6
  3171 | D:4      | Noticed a phantom
  3226 | D:4      | Killed a phantom
  3308 | D:4      | Reached skill level 9 in Polearms
  3574 | D:4      | Reached XP level 7. HP: 44/52 MP: 7/7
  3608 | D:4      | Found an ornate altar of the Wu Jian Council.
  3939 | D:4      | Reached skill level 10 in Polearms
  4284 | D:5      | Entered Level 5 of the Dungeon
  4525 | D:5      | Found a sacrificial altar of Ru.
  4534 | D:5      | Found a staircase to the Ecumenical Temple.
  4540 | Temple   | Entered the Ecumenical Temple
  4566 | Temple   | Became a worshipper of Qazlal Stormbringer
  4566 | Temple   | Reached * piety under Qazlal
  4566 | Temple   | Reached ** piety under Qazlal
  5239 | D:6      | Found an opulent altar of Gozag.
  5251 | D:6      | Found a stormy altar of Qazlal.
  5409 | D:6      | Noticed Tali's ghost (novice MiFi)
  5450 | D:5      | Reached skill level 11 in Polearms
  5450 | D:5      | Reached XP level 8. HP: 45/58 MP: 8/8
  6048 | D:6      | Killed Tali's ghost
  6048 | D:6      | Reached skill level 12 in Polearms
  6547 | D:7      | Found a glowing golden altar of the Shining One.
  6572 | D:7      | Reached skill level 10 in Dodging
  6594 | D:7      | Reached XP level 9. HP: 62/64 MP: 9/9
  6990 | D:7      | Reached *** piety under Qazlal
  7274 | D:7      | Reached skill level 1 in Invocations
  7426 | D:7      | You fall through a shaft!
  7626 | D:8      | Found a hazy altar of Hepliaklqana.
  7650 | D:8      | Found a white marble altar of Elyvilon.
  7650 | D:8      | Found a basalt altar of Yredelemnul.
  7654 | D:8      | Found a glowing silver altar of Zin.
  7654 | D:8      | Found a bloodstained altar of Trog.
  8040 | D:8      | Reached skill level 1 in Shields
  8235 | D:8      | Reached skill level 13 in Polearms
  8533 | D:8      | Reached XP level 10. HP: 71/71 MP: 12/12
  8623 | D:9      | Found a radiant altar of Vehumet.
  8823 | D:9      | HP: 3/73 [electric eel/bolt of electricity (11)]
  8825 | D:9      | Killed from afar by an electric eel

Skill      XL: |  1  2  3  4  5  6  7  8  9 10 |
---------------+-------------------------------+-----
Polearms       | 5 6 7 8 9 11 12 13 | 13.3
Dodging        | 5 6 7 10 12 | 12.6
Invocations    | 3 4 |  4.1
Shields        | 2 3 |  3.0
Fighting       | 4 |  4.4
Stealth        | |  2.1

Action                   |  1- 3 |  4- 6 |  7- 9 | 10-12 || total
-------------------------+-------+-------+-------+-------++-------
Melee: Spear             |   134 |   317 |   551 |       ||  1002
       Trident           |       |       |   193 |    82 ||   275
       Tailslap          |       |       |       |     5 ||     5
Invok: Upheaval          |       |       |     1 |       ||     1
  Use: Scroll            |       |     7 |     3 |       ||    10
 Stab: Sleeping          |     4 |     7 |     2 |       ||    13
  Eat: Chunk             |     1 |     8 |    12 |     2 ||    23
       Ration            |       |       |     1 |       ||     1
Armor: Robe              |     8 |       |       |       ||     8
       Ring mail         |    15 |    46 |       |       ||    61
       Leather armour    |       |    17 |    70 |     6 ||    93
Dodge: Dodged            |    66 |   141 |   339 |    31 ||   577
Block: Other             |       |       |    39 |       ||    39
       Shield            |       |       |    42 |    42 ||    84
